 Dungeon Sprint DCSS version 0.31-a0-664-g902f515a81 (webtiles) character file.

Game seed: 3512223025803029086

26212 rocky1 the Fencer (level 13, 0/111 HPs)
             Began as a Djinni Gladiator on Sept 3, 2023.
             Was an Initiate of Gozag.
             Slain by Ilsuiw
             ... wielding a +3 trident of freezing
              (2 damage)
             ... in the Dungeon (Sprint VII: "The Pits").
             The game lasted 00:24:55 (5778 turns).

rocky1 the Fencer (Djinni Gladiator)                Turns: 5778, Time: 00:24:56

Health: 0/111      AC: 20    Str: 16    XL:     13   Next: 56%
Gold:   1675       EV: 14    Int: 13    God:    Gozag SH:  0 Dex: 20

rFire   + + .        a - +2 great sword (flame)
rCold   . . .        (shield currently unavailable)
rNeg    . . .        p - +3 chain mail {rC+}
rPois   ∞            c - +0 helmet
rElec   .            v - +0 cloak {Stlth+}
rCorr   .            (no gloves)
SInv    .            (boots unavailable)
Will    +....        (no amulet) Stlth
                     r - +3 ring of intelligence
HPRegen 0.38/turn    s - +3 ring of strength
MPRegen 0.00/turn

%: no teleportation, infuse magic (-1 HP)
@: brilliant, on berserk cooldown, flying, hasted and slowed
A: sickness immunity, fire resistance 2, cold vulnerability 1, float, innate
caster, HP casting, extra vitality 1
a: Renounce Religion, Potion Petition, Call Merchant, Bribe Branch


You were in the Dungeon.
You worshipped Gozag.
Gozag was most pleased with you.
You visited 1 branch You collected 7796 gold pieces.
You spent 576 gold pieces at shops.
You paid 5545 gold pieces to Gozag.

Inventory:

Hand Weapons
 a - a +2 great sword of flaming (weapon)
 u - a +2 scimitar of holy wrath
 C - a +3 scimitar of flaming
Missiles
 b - 3 curare-tipped darts
 d - 2 throwing nets (quivered)
 e - 7 javelins
 q - 7 poisoned darts
Armour
 c - a +0 helmet (worn)
 o - a +3 ring mail
 p - a +3 chain mail of cold resistance (worn)
 v - a +0 cloak of stealth (worn)
 E - the +0 leather armour "Vopatamp" {Contam rPois Regen+}
   (You found it in the Dungeon)

   rPois:     It protects you from poison Contam: It causes magical
   contamination when unequipped.
   Regen+:    It increases your rate of health regeneration.
Jewellery
 r - a +3 ring of intelligence (left hand)
 s - a +3 ring of strength (right hand)
 y - a +5 ring of evasion
 A - a ring of protection from fire
Wands
 n - a wand of acid (4)
 z - a wand of paralysis (7)
 D - a wand of iceblast (3)
Scrolls
 i - 4 scrolls of identify
 j - 6 scrolls of enchant armour
 k - 2 scrolls of enchant weapon
 l - 2 scrolls of vulnerability
 m - a scroll of butterflies
 w - a scroll of fog
 x - a scroll of brand weapon
Potions
 f - a potion of curing
 t - 2 potions of might
 B - 2 potions of resistance


   Skills:
 + Level 16.9 Fighting
 * Level 18.8 Long Blades
 - Level 1.5 Throwing
 + Level 16.6 Armour
 + Level 10.8 Dodging
 - Level 1.1 Stealth
 * Level 9.3 Spellcasting
 * Level 9.3 Conjurations
 * Level 9.3 Hexes
 * Level 9.3 Summonings
 * Level 9.3 Necromancy
 * Level 9.3 Translocations
 * Level 9.3 Transmutations
 * Level 9.3 Fire Magic
 * Level 9.3 Ice Magic
 * Level 9.3 Air Magic
 * Level 9.3 Earth Magic
 * Level 9.3 Poison Magic


You knew the following spells:

 Your Spells              Type           Power      Damage    Failure   Level
a - Summon Small Mammal   Summ           100%       N/A       1%          1
b - Momentum Strike       Conj/Tloc      90%        3d10      1%          2
c - Tukima's Dance        Hex            45%        N/A       4%          3
d - Mephitic Cloud        Conj/Pois/Air  45%        N/A       4%          3
e - Animate Dead          Necr           45%        N/A       14%         4
f - Irradiate             Conj/Tmut      22%        3d19      36%         5
Your spell library was empty.

Dungeon Overview and Level Annotations

Branches:
Dungeon (1/1)

Altars:
Ashenzari
Cheibriados
Dithmenos
Elyvilon
Fedhas
Gozag
Hepliaklqana
Makhleb
Nemelex Xobeh
Okawaru
Qazlal
Ru
Trog
Uskayaw
Wu Jian
Xom
Yredelemnul
Zin
The Shining One
Jiyva
Lugonu

Shops:
D [*(

Annotations:
D Ilsuiw, Saint Roka


Innate Abilities, Weirdness & Mutations

You are immune to sickness and miasma.
You are immune to poison.
Your flesh is very heat resistant. (rF++)
You are vulnerable to cold. (rC-)
You float through the air rather than walking.
You learn spells naturally, not from books.
Your magical power is your life essence.
You have superior vitality. (+4 MHP)


Message History

The merfolk is engulfed in a cloud of scalding steam.
Ilsuiw casts a spell.
Ilsuiw flickers and vanishes!
Deactivating autopickup; reactivate with Ctrl-A.
The merfolk is engulfed in a cloud of scalding steam.
Unknown command.
Unknown command.
You feel yourself speed up.
The merfolk is no longer distracted by gold.
Saint Roka is no longer distracted by gold.
The merfolk hits you from afar with a +0 trident of venom.
Saint Roka invokes the aid of Beogh against you.
Beogh smites you!
The merfolk hits you but does no damage.
The water elemental hits you.
The water elemental engulfs you in water!
Unknown command.
Okay, then.
Unknown command.
You slice the water elemental!! You burn the water elemental.
The water elemental is almost destroyed.
The death knight is no longer distracted by gold.
Saint Roka roars a battlecry!
The death knight invokes the aid of Yredelemnul against you.
Your body is wracked with pain!
* * * LOW HITPOINT WARNING * * *
A merfolk siren comes into view. It is wielding a +1 spear of venom.
You hear some strange, mumbled words.
Okay, then.
Okay, then.
You slip free of the water engulfing you.
The water elemental disappears in a puff of smoke! x2
Saint Roka mumbles some strange prayers to Beogh against you.
Beogh smites you!
* * * LOW HITPOINT WARNING * * *
Something hits you.
* * * LOW HITPOINT WARNING * * *
Something freezes you.
You die...
Your body crumbles into a pile of gold.

##################
#§§Eom............
#§p$2.............
#$m###'########### #EE##Y#.#
#@.#3# #D# #..## #3# #..# #m#
#..# #E# #..###############
#############.................
#_________.##.................
#_________.###########''######
#_______...###########''######


You could see Saint Roka, a death knight, a merfolk and 3 water elementals.

Vanquished Creatures
  A death cob (D)
  A sphinx (D)
  A fire giant (D)
  A ghost moth (D)
  An ophan (D)
  Snorg (D)
  Harold (D)
  2 hydras (D)
  3 alligator snapping turtles (D)
  2 catoblepae (D)
  A two-headed ogre (D)
  A merfolk aquamancer (D)
  2 vampire magi (D)
  Urug (D)
  A deep elf knight (D)
  2 sea snakes (D)
  A sun demon (D)
  A spriggan druid (D)
  A swamp dragon (D)
  A flayed ghost (D)
  2 phantasmal warriors (D)
  A cyclops (D)
  2 manticores (D)
  An eye of devastation (D)
  A cane toad (D)
  A smoke demon (D)
  An efreet (D)
  A guardian mummy (D)
  A red devil (D)
  2 polar bears (D)
  A troll (D)
  A hornet (D)
  7 dream sheep (D)
  3 blink frogs (D)
  2 jumping spiders (D)
  2 flying skulls (D)
  A ynoxinul (D)
  A water elemental (D)
  A wyvern (D)
  A wraith (D)
  A chaos spawn (D)
  A small abomination (D)
  A neqoxec (D)
  A basilisk (D)
  2 redbacks (D)
  3 floating eyes (D)
  2 water moccasins (D)
  An ice beast (D)
  A centaur (D)
  2 kobold brigands (D)
  A bullfrog (D)
  3 killer bees (D)
  2 orc priests (D)
  An iron imp (D)
  2 orc wizards (D)
  A mummy (D)
  2 gnolls (D)
  4 adders (D)
  A river rat (D)
  2 ufetubi (D)
  An adder zombie (D)
  5 orcs (D)
  A hobgoblin (D)
  3 jackals (D)
  A kobold (D)
  A ball python (D)
  A ball python zombie (D)
  A bat (D)
  A jackal skeleton (D)
108 creatures vanquished.

Vanquished Creatures (others)
  A cane toad (D)
1 creature vanquished.

Grand Total: 109 creatures vanquished

Notes
Turn   | Place    | Note
-------+----------+-------------------------------------------
     0 | D        | rocky1 the Djinni Gladiator began the quest for the Orb.
     0 | D        | Reached XP level 1. HP: 18/18 MP: 0/0
    11 | D        | Noticed a floating eye
    13 | D        | Paralysed by a floating eye for 2 turns
    16 | D        | Killed a floating eye
    17 | D        | Reached skill level 6 in Long Blades
    17 | D        | Reached skill level 5 in Dodging
    17 | D        | Reached XP level 2. HP: 25/25 MP: 0/0
    17 | D        | Reached XP level 3. HP: 30/30 MP: 0/0
    17 | D        | Learned a level 1 spell: Summon Small Mammal
    17 | D        | Reached XP level 4. HP: 35/35 MP: 0/0
    17 | D        | Reached XP level 5. HP: 40/40 MP: 0/0
    17 | D        | Learned a level 2 spell: Momentum Strike
    43 | D        | Found a bloodstained altar of Trog.
    43 | D        | Found a viscous altar of Jiyva.
    43 | D        | Found a hazy altar of Hepliaklqana.
    43 | D        | Found an opulent altar of Gozag.
    44 | D        | Found a glowing golden altar of the Shining One.
    44 | D        | Found a glowing silver altar of Zin.
    44 | D        | Found a basalt altar of Yredelemnul.
    44 | D        | Found a shimmering altar of Xom.
    44 | D        | Found an ornate altar of the Wu Jian Council.
    44 | D        | Found a sacrificial altar of Ru.
    44 | D        | Found a stormy altar of Qazlal.
    44 | D        | Found an iron altar of Okawaru.
    44 | D        | Found a sparkling altar of Nemelex Xobeh.
    44 | D        | Found a burning altar of Makhleb.
    44 | D        | Found a blossoming altar of Fedhas.
    44 | D        | Found a white marble altar of Elyvilon.
    44 | D        | Found a shadowy altar of Dithmenos.
    44 | D        | Found a snail-covered altar of Cheibriados.
    48 | D        | Found a corrupted altar of Lugonu.
    49 | D        | Found a broken altar of Ashenzari.
    49 | D        | Found a hide-covered altar of Uskayaw.
    51 | D        | Became a worshipper of Gozag Ym Sagoz the Greedy
   148 | D        | Noticed a floating eye
   149 | D        | Paralysed by a floating eye for 2 turns
   158 | D        | Paralysed by a floating eye for 2 turns
   164 | D        | Paralysed by a floating eye for 3 turns
   168 | D        | Killed a floating eye
   169 | D        | Reached skill level 7 in Long Blades
   169 | D        | Reached XP level 6. HP: 47/47 MP: 0/0
   287 | D        | Reached skill level 8 in Long Blades
   366 | D        | Noticed a water moccasin
   386 | D        | Killed a water moccasin
   387 | D        | Reached skill level 9 in Long Blades
   391 | D        | Reached skill level 5 in Fighting
   410 | D        | Reached XP level 7. HP: 42/54 MP: 0/0
   410 | D        | Learned a level 3 spell: Tukima's Dance
   528 | D        | Reached skill level 10 in Long Blades
   528 | D        | Reached skill level 5 in Armour
   533 | D        | Noticed a basilisk
   557 | D        | Killed a basilisk
   799 | D        | Noticed a flying skull
   800 | D        | Paralysed by a floating eye for 4 turns
   806 | D        | Reached skill level 11 in Long Blades
   806 | D        | Reached skill level 1 in Stealth
   806 | D        | Reached XP level 8. HP: 62/62 MP: 0/0
   809 | D        | Killed a flying skull
   840 | D        | Noticed a flying skull
   840 | D        | Noticed a sea snake
   840 | D        | Noticed a polar bear
   854 | D        | Killed a flying skull
   869 | D        | HP: 4/93 [sea snake (6)]
   871 | D        | Killed a sea snake
   872 | D        | Reached skill level 12 in Long Blades
   872 | D        | Reached XP level 9. HP: 5/70 MP: 0/0
   872 | D        | Learned a level 3 spell: Mephitic Cloud
   887 | D        | Killed a polar bear
  1261 | D        | Noticed a manticore
  1269 | D        | Killed a manticore
  1270 | D        | Reached skill level 13 in Long Blades
  1462 | D        | Bought a +3 chain mail of cold resistance for 291 gold
                  | pieces
  1462 | D        | Bought a +0 cloak of stealth for 126 gold pieces
  1613 | D        | Noticed a hornet
  1622 | D        | Reached XP level 10. HP: 78/78 MP: 0/0
  1633 | D        | Reached skill level 14 in Long Blades
  1633 | D        | Reached skill level 10 in Armour
  1648 | D        | Reached skill level 10 in Fighting
  2162 | D        | Noticed Urug
  2195 | D        | Killed Urug
  2319 | D        | Noticed a vampire mage
  2335 | D        | Killed a vampire mage
  2336 | D        | Reached skill level 15 in Long Blades
  2336 | D        | Reached XP level 11. HP: 72/87 MP: 0/0
  2336 | D        | Learned a level 4 spell: Animate Dead
  2491 | D        | Reached skill level 5 in Spellcasting
  2491 | D        | Reached skill level 5 in Conjurations
  2491 | D        | Reached skill level 5 in Hexes
  2491 | D        | Reached skill level 5 in Summonings
  2491 | D        | Reached skill level 5 in Necromancy
  2491 | D        | Reached skill level 5 in Translocations
  2491 | D        | Reached skill level 5 in Transmutations
  2491 | D        | Reached skill level 5 in Fire Magic
  2491 | D        | Reached skill level 5 in Ice Magic
  2491 | D        | Reached skill level 5 in Air Magic
  2491 | D        | Reached skill level 5 in Earth Magic
  2491 | D        | Reached skill level 5 in Poison Magic
  2512 | D        | Noticed Snorg
  2535 | D        | Killed Snorg
  2875 | D        | Noticed a spriggan druid
  2890 | D        | Killed a spriggan druid
  2891 | D        | Reached skill level 16 in Long Blades
  3099 | D        | Noticed a sea snake
  3100 | D        | Noticed a two-headed ogre
  3108 | D        | Killed a sea snake
  3113 | D        | Killed a two-headed ogre
  3213 | D        | Noticed a flayed ghost
  3213 | D        | Noticed a phantasmal warrior
  3214 | D        | Noticed a manticore
  3228 | D        | Killed a phantasmal warrior
  3245 | D        | Killed a manticore
  3252 | D        | Reached XP level 12. HP: 81/99 MP: 0/0
  3260 | D        | Killed a flayed ghost
  3272 | D        | Noticed an alligator snapping turtle
  3477 | D        | Noticed a swamp dragon
  3495 | D        | Killed a swamp dragon
  3676 | D        | Killed a ghost moth
  3677 | D        | Reached skill level 17 in Long Blades
  4071 | D        | Bought a potion of curing for 45 gold pieces
  4071 | D        | Bought a scroll of poison for 60 gold pieces
  4071 | D        | Bought 3 curare-tipped darts for 54 gold pieces
  4282 | D        | Killed an alligator snapping turtle
  4529 | D        | Noticed a death cob
  4540 | D        | Killed a death cob
  4541 | D        | Noticed a sun demon
  4548 | D        | Killed a sun demon
  4549 | D        | Reached skill level 15 in Fighting
  4549 | D        | Reached skill level 15 in Armour
  4585 | D        | Reached skill level 10 in Dodging
  4864 | D        | Noticed an ophan
  4895 | D        | Killed an ophan
  5145 | D        | Noticed a deep elf knight
  5145 | D        | Noticed an eight-headed hydra
  5145 | D        | Noticed a sphinx
  5145 | D        | Noticed a fire giant
  5145 | D        | Noticed an alligator snapping turtle
  5145 | D        | Noticed a vampire mage
  5147 | D        | Killed a deep elf knight
  5152 | D        | Killed a five-headed hydra
  5165 | D        | Paralysed by a sphinx for 4 turns
  5248 | D        | Killed a sphinx
  5249 | D        | Reached XP level 13. HP: 65/109 MP: 0/0
  5249 | D        | Learned a level 5 spell: Irradiate
  5266 | D        | Reached skill level 18 in Long Blades
  5277 | D        | Killed a fire giant
  5386 | D        | Killed an alligator snapping turtle
  5591 | D        | Got the +0 leather armour "Vopatamp" {Contam rPois Regen+}
  5690 | D        | Noticed a hell beast
  5690 | D        | Noticed an alligator snapping turtle
  5690 | D        | Noticed a catoblepas
  5708 | D        | Noticed a six-headed hydra
  5712 | D        | Noticed a catoblepas
  5713 | D        | Noticed Ilsuiw
  5729 | D        | Killed an alligator snapping turtle
  5737 | D        | Killed a one-headed hydra
  5743 | D        | Killed a catoblepas
  5751 | D        | Killed a catoblepas
  5756 | D        | Noticed Harold
  5758 | D        | Identified the ring of Buaweas {rN+++ AC+4 Str-3 Stlth+}
  5768 | D        | Killed Harold
  5772 | D        | Noticed Saint Roka
  5778 | D        | HP: 5/111 [Saint Roka/divine providence (17)]
  5778 | D        | HP: 2/111 [something (3)]
  5778 | D        | Slain by Ilsuiw

Illustrated notes

Levels and vault maps discovered:
D:        pitsprint [storerooms_1, entrance_room_1, metal_vault_3, armoury_3,
          mini_pit_1, grid_room_1, main_hall_1, silver_pit, the_coven_3,
          the_vestibule_1, steel_vault_3, golden_pit, hallway_of_sentries,
          crystal_vault_1, iron_vault_4, final_vault]

Skill      XL: |  1  2  3  4  5  6  7  8  9 10 11 12 13 |
---------------+----------------------------------------+-----
Fighting       | 3 4 5 6 8 9 11 13 15 16 | 16.9
Long Blades    | 6 7 9 11 12 13 15 16 17 18 | 18.8
Armour         | 2 3 4 5 7 9 12 13 15 16 | 16.6
Dodging        | 5 6 7 8 9 10 | 10.8
Spellcasting   | 2 3 4 6 8 9 |  9.3
Conjurations   | 2 3 4 6 8 9 |  9.3
Hexes          | 2 3 4 6 8 9 |  9.3
Summonings     | 2 3 4 6 8 9 |  9.3
Necromancy     | 2 3 4 6 8 9 |  9.3
Translocations | 2 3 4 6 8 9 |  9.3
Transmutations | 2 3 4 6 8 9 |  9.3
Fire Magic     | 2 3 4 6 8 9 |  9.3
Ice Magic      | 2 3 4 6 8 9 |  9.3
Air Magic      | 2 3 4 6 8 9 |  9.3
Earth Magic    | 2 3 4 6 8 9 |  9.3
Poison Magic   | 2 3 4 6 8 9 |  9.3
Stealth        | 1 |  1.1
Throwing       | |  1.5

Action                     |  1- 3 |  4- 6 |  7- 9 | 10-12 | 13-15 || total
---------------------------+-------+-------+-------+-------+-------++-------
  Melee: Long sword        |     3 |    71 |    75 |       |       ||   149
         Punch             |       |     1 |     1 |     6 |       ||     8
         Scimitar          |       |       |    27 |   354 |    21 ||   402
         Great sword       |       |       |       |       |    69 ||    69
  Throw: Throwing net      |       |       |     3 |       |       ||     3
 Invoke: Call Merchant     |       |       |     1 |     2 |       ||     3
         Potion Petition   |       |       |       |     3 |     3 ||     6
    Use: Potion            |       |       |     3 |    26 |     9 ||    38
         Scroll            |       |       |       |     3 |       ||     3
   Stab: Distracted        |       |     1 |       |     1 |     2 ||     4
         Invisible         |       |       |       |     9 |       ||     9
         Petrified         |       |       |       |       |    10 ||    10
         Petrifying        |       |       |       |       |     2 ||     2
 Armour: Leather armour    |       |    24 |       |       |       ||    24
         Scale mail        |       |    24 |    60 |       |       ||    84
         Chain mail        |       |       |    22 |   323 |    57 ||   402
  Dodge: Dodged            |       |    45 |    47 |   183 |    20 ||   295

Table legend: (Time is in decaauts)
 A = Elapsed time spent in this place.
 B = Non-inter-level travel time spent in this place.
 C = Inter-level travel time spent in this place.
 D = Time resting spent in this place.
 E = Time spent auto-exploring this place.
 F = Levels seen in this place.
 G = Mean time per level.
                   A        B        C        D        E       F      G
               +--------+--------+--------+--------+--------+-----+--------+
         Total |   5587 |   5522 |     65 |   3438 |      0 |   1 | 5587.0 |
       Dungeon |   5587 |   5522 |     65 |   3438 |      0 |   1 | 5587.0 |
               +--------+--------+--------+--------+--------+-----+--------+

Top non-repeatable levels by time:
       D: 5587 daAuts
